 Dungeon Crawl Stone Soup version 0.23.2 (webtiles) character file.

Game seed: 6256358056422237070

47 Borgoz the Cutter (level 3, 0/24 HPs)
             Began as a Kobold Gladiator on Apr 9, 2019.
             Succumbed to a worker ant's poison
             ... on level 2 of the Dungeon.
             The game lasted 00:01:26 (764 turns).

Borgoz the Cutter (Kobold Gladiator)                 Turns: 764, Time: 00:01:27

Health: 0/24       AC:  5    Str:  9    XL:     3   Next: 97%
Magic:  3/3        EV: 16    Int:  9    God:
Gold:   65         SH:  0    Dex: 17    Spells: 2/2 levels left

rFire    . . .     SeeInvis .   a - +0 rapier
rCold    . . .     Gourm    .   (shield restricted)
rNeg     . . .     Faith    .   b - +0 leather armour
rPois    .         Spirit   .   c - +0 helmet
rElec    .         Reflect  .   (no cloak)
rCorr    .         Harm     .   (no gloves)
MR       .....                  (no boots)
Stlth    ++........             (no amulet)
HPRegen  0.08/turn              (no ring)
MPRegen  0.08/turn              (no ring)

@: lethally poisoned (0 -> -18), invisible
A: small, carnivore, robust 1, shaggy fur 1, weak 1
a: no special abilities


You were on level 2 of the Dungeon.
You were completely stuffed.

You visited 1 branch of the dungeon, and saw 2 of its levels.

You collected 65 gold pieces.

Inventory:

Hand Weapons
 a - a +0 rapier (weapon)
Missiles
 d - 3 throwing nets (quivered)
Armour
 b - a +0 leather armour (worn)
 c - a +0 helmet (worn)
Jewellery
 m - an uncursed ring of flight {unknown}
Scrolls
 e - 2 scrolls of remove curse {unknown}
 g - a scroll of magic mapping {unknown}
 i - a scroll of amnesia {unknown}
 j - a scroll of blinking {unknown}
 k - a scroll of identify {unknown}
 n - a scroll of noise {unknown}
Comestibles
 f - 2 rations


   Skills:
 + Level 2.7 Fighting
 + Level 4.3 Short Blades
 - Level 2.1 Throwing
 * Level 1.3 Armour
 + Level 4.0 Dodging
 + Level 1.6 Stealth


You had 2 spell levels left.
You didn't know any spells.
Your spell library was empty.

Dungeon Overview and Level Annotations

Branches:
Dungeon (2/15)

Altars:
Fedhas
Qazlal


Innate Abilities, Weirdness & Mutations

You are small and have problems with some larger weapons.
You are carnivorous and can eat meat at any time.
You are robust. (+10% HP)
You are covered in fur. (AC +1)
You are weak. (Str -2)


Message History

The goblin is moderately wounded.
You feel sick. The goblin misses you.
You hit the goblin.
You kill the goblin!
You feel sick.
You barely miss the worker ant.
The worker ant is lightly wounded.
You feel sick. The worker ant bites you.
* * * LOW HITPOINT WARNING * * *
The worker ant bites you.
* * * LOW HITPOINT WARNING * * *
You are more poisoned.
The worker ant poisons you!
It was a potion of mutation.
You feel extremely strange.
You feel robust.
You feel weaker. Fur sprouts all over your body.
* * * LOW HITPOINT WARNING * * *
You feel sick. The worker ant barely misses you.
It was a potion of invisibility.
You fade into invisibility!
You die...

.......# #......
###......#
#......
.....$..#
#...<..
####......#
#......
#.....<...#
#####....
#.........#
#........
#......#.##
#........
#....#a#.#
#........ ####
#@#.# #........
#....[.#.#
#......##
###.####.###
#......# #
#.#.####......#
#†..##........#
###.##........#
#.##....#...#
####.......#...#
#..........#...#


You could see a worker ant.

Vanquished Creatures
  An adder (D:2)
  An ooze (D:1)
  A worm (D:2)
  2 dart slugs
  2 giant cockroaches (D:1)
  5 goblins
  3 hobgoblins (D:1)
  3 jackals (D:2)
  A quokka (D:2)
  3 bats
  2 frilled lizards
  A kobold (D:1)
  2 rats (D:1)
27 creatures vanquished.

Notes
Turn   | Place    | Note
-------+----------+-------------------------------------------
     0 | D:1      | Borgoz the Kobold Gladiator began the quest for the Orb.
     0 | D:1      | Reached XP level 1. HP: 12/12 MP: 1/1
   198 | D:1      | Reached XP level 2. HP: 17/17 MP: 2/2
   262 | D:1      | Reached skill level 1 in Stealth
   448 | D:1      | Reached skill level 1 in Armour
   448 | D:1      | Reached XP level 3. HP: 21/22 MP: 3/3
   581 | D:2      | Found a blossoming altar of Fedhas.
   584 | D:2      | Found a stormy altar of Qazlal.
   763 | D:2      | Gained mutation: You are robust. (+10% HP) [potion of
                  | mutation]
   763 | D:2      | Gained mutation: You are weak. (Str -2) [potion of
                  | mutation]
   763 | D:2      | Gained mutation: You are covered in fur. (AC +1) [potion of
                  | mutation]
   764 | D:2      | Succumbed to a worker ant's poison

Skill      XL: |  1  2  3 |
---------------+----------+-----
Stealth        | 1 |  1.6
Armour         | 1 |  1.3
Dodging        | 4 |  4.0
Fighting       | |  2.7
Short Blades   | |  4.3
Throwing       | |  2.1

Action                   || total
-------------------------++-------
Melee: Rapier            ||   100
  Use: Potion            ||     2
 Stab: Sleeping          ||     2
  Eat: Chunk             ||     8
Armor: Leather armour    ||    19
Dodge: Dodged            ||    74
